 Dungeon Crawl Stone Soup version 0.26-a0-646-g5d7718319a (webtiles) character file.

Game seed: 6812821240011404301

925 MrRokkomies the Gusty (level 8, -2/46 HPs)
             Began as a Tengu Air Elementalist on Sept 24, 2020.
             Slain by a centaur (5 damage)
             ... on level 5 of the Dungeon.
             The game lasted 00:09:11 (5807 turns).

MrRokkomies the Gusty (Tengu Air Elementalist)      Turns: 5807, Time: 00:09:14

Health: -2/46      AC:  3    Str:  8 (9)  XL:     8   Next: 10%
Magic:  2/12       EV: 17    Int: 15 (17) God:
Gold:   213        SH:  0    Dex: 14 (15) Spells: 1/11 levels left

rFire    . . .     SeeInvis .   d - +0 spear
rCold    . . .     Faith    .   (no shield)
rNeg     . . .     Spirit   .   a - +1 robe
rPois    .         Reflect  .   (helmet restricted)
rElec    .         Harm     .   (no cloak)
rCorr    .         Rampage  .   (no gloves)
MR       .....                  (boots unavailable)
Stlth    ++........             (no amulet)
HPRegen  0.15/turn              (no ring)
MPRegen  0.13/turn              (no ring)

@: flying quickly and evasively, quick
A: beak, talons 3, able to fly
a: Stop Flying


You were on level 5 of the Dungeon.
You visited 1 branch of the dungeon, and saw 5 of its levels.

You collected 213 gold pieces.

Inventory:

Hand Weapons
 d - a +0 spear (weapon)
 f - a +0 short sword
Missiles
 j - 19 poisoned darts (quivered)
Armour
 a - a +1 robe (worn)
Wands
 n - a wand of flame (3)
Scrolls
 e - 2 scrolls of blinking
 g - 3 scrolls of identify
 h - 2 scrolls of fear
 l - a scroll of random uselessness {unknown}
 p - a scroll of enchant armour
Potions
 b - a potion of haste
 c - 2 potions of magic
 i - 2 potions of flight
 k - a potion of degeneration
 m - a potion of might {unknown}
 o - a potion of mutation {unknown}


   Skills:
 + Level 3.3 Fighting
 + Level 4.6 Dodging
 - Level 2.0 Stealth
 - Level 2.0 Spellcasting
 * Level 6.9 Conjurations
 * Level 7.8 Air Magic


You had one spell level left.
You knew the following spells:

 Your Spells              Type           Power        Failure   Level
a - Shock                 Conj/Air       ###.         1%          1
b - Blink                 Tloc           N/A          32%         2
c - Static Discharge      Conj/Air       ###.....     3%          3
d - Airstrike             Air            ###.......   9%          4

Your spell library contained the following spells:

 Spells                   Type           Power        Failure   Level
 Magic Dart               Conj           ###.         1%          1
 Swiftness                Air            ###.....     1%          2
 Mephitic Cloud           Conj/Pois/Air  ###.....     9%          3
 Conjure Flame            Conj/Fire      ##......     16%         3
 Lightning Bolt           Conj/Air       ###.......   30%         5
 Call Imp                 Summ           #.......     32%         2
 Slow                     Hex            #.......     32%         2


Dungeon Overview and Level Annotations

Branches:
Dungeon (5/15)
 Temple: D:4-7

Altars:
Qazlal

Annotations:
D:3 Sigmund


Innate Abilities, Weirdness & Mutations

You have a beak for a mouth.
You have claws for feet.
You can fly continuously.


Message History

Unknown command.
Casting: Static Discharge (dangerous; 2% risk of failure)
Confirm with . or Enter, or press ? or * to list all spells.
You don't have enough magic to cast that spell.
Unknown command.
You hit the centaur but do no damage.
The centaur is heavily wounded.
The centaur hits you.
* * * LOW HITPOINT WARNING * * *
The centaur hits you but does no damage.
It was a potion of flight.
You feel more buoyant. The centaur completely misses you.
It was a potion of degeneration.
There was something very wrong with that liquid.
You feel weakened.
You feel dopey.
You feel clumsy. The centaur hits you!
* * * LOW HITPOINT WARNING * * *
The centaur hits you.
You die...

.........8.... #...
####............. #...
................. #...
................. #...
................ .###'
............... .....
............# #....
............# #....
.......@((..# #....
......c.....# #....
............# #....
.......)....# #....
........)...########....
........................
........................
........................
........................


You could see a centaur.

Vanquished Creatures
  Eustachio (D:4)
  An ogre (D:4)
  A centaur (D:5)
  A scorpion (D:5)
  A bullfrog zombie (D:4)
  2 jellies (D:5)
  2 bullfrog skeletons (D:5)
  Jessica (D:3)
  Natasha (thrice) (D:2)
  3 worker ants (D:4)
  2 hound zombies (D:5)
  3 hound skeletons
  3 gnolls
  4 adders
  2 howler monkey skeletons
  A shadow imp (D:5)
  An ooze (D:3)
  2 adder skeletons (D:5)
  2 worms (D:2)
  3 dart slugs
  3 leopard geckos
  An orc (D:4)
  A ball python (D:1)
  5 giant cockroaches
  5 goblins
  3 hobgoblins
  8 jackals
  A quokka (D:2)
  5 bats
  3 frilled lizards
  A jackal zombie (D:5)
  6 kobolds
  A leopard gecko skeleton (D:4)
  4 rats
86 creatures vanquished.

Notes
Turn   | Place    | Note
-------+----------+-------------------------------------------
     0 | D:1      | MrRokkomies the Tengu Air Elementalist began the quest for
                  | the Orb.
     0 | D:1      | Reached XP level 1. HP: 10/10 MP: 4/4
   336 | D:1      | Reached XP level 2. HP: 15/15 MP: 4/6
  1307 | D:2      | Reached XP level 3. HP: 20/20 MP: 0/7
  1566 | D:2      | Noticed Natasha
  1579 | D:2      | Killed Natasha
  1579 | D:2      | Reached skill level 1 in Fighting
  1579 | D:2      | Reached XP level 4. HP: 4/25 MP: 0/8
  2004 | D:2      | Reached skill level 5 in Air Magic
  2107 | D:2      | Learned a level 2 spell: Blink
  2111 | D:2      | Learned a level 3 spell: Static Discharge
  2226 | D:2      | Found a faded altar of an unknown god.
  2601 | D:2      | Noticed Natasha
  2610 | D:2      | Killed Natasha
  2610 | D:2      | Gained mutation: You can fly continuously. [Tengu growth]
  2610 | D:2      | Reached XP level 5. HP: 14/29 MP: 5/9
  2937 | D:2      | Noticed Natasha
  2948 | D:2      | Killed Natasha
  3226 | D:3      | Noticed Jessica
  3236 | D:3      | Killed Jessica
  3366 | D:3      | Noticed Sigmund
  3528 | D:4      | Reached XP level 6. HP: 8/35 MP: 0/10
  3804 | D:4      | You are sucked into a shaft and drop 1 floor!
  3804 | D:5      | Entered Level 5 of the Dungeon
  3842 | D:4      | Reached skill level 5 in Conjurations
  3842 | D:4      | Reached skill level 6 in Air Magic
  4213 | D:4      | Found a stormy altar of Qazlal.
  4425 | D:4      | Reached XP level 7. HP: 40/40 MP: 11/11
  4614 | D:4      | Noticed Eustachio
  4650 | D:4      | Killed Eustachio
  4958 | D:4      | Reached skill level 7 in Air Magic
  5012 | D:5      | Learned a level 4 spell: Airstrike
  5570 | D:5      | Reached XP level 8. HP: 42/46 MP: 5/12
  5807 | D:5      | Slain by a centaur

Illustrated notes

Levels and vault maps discovered:
D:1:      evilmike_arrival_plus, layout_loops_ring
D:2:      layout_basic, chequers_ecumenical_altar_simple_redux, uniq_natasha
D:3:      layout_loops_ring, old_standard_altar, uniq_sigmund, uniq_jessica
D:4:      layout_basic, nicolae_qazlal_general_emergency, uniq_eustachio
D:5:      layout_gridville, gammafunk_temple_overflow_elements, serial_undead,
          serial_undead_a, serial_undead_e, serial_undead_e, serial_undead_c,
          serial_undead_c, serial_undead_d, ebering_ghost_rock_garden,
          minmay_strange_pillars, uniq_edmund

Skill      XL: |  1  2  3  4  5  6  7 |
---------------+----------------------+-----
Conjurations   | 2 3 4 5 6 |  6.9
Fighting       | 1 2 3 |  3.3
Air Magic      | 5 6 7 |  7.8
Dodging        | 3 4 |  4.6
Stealth        | |  2.0
Spellcasting   | |  2.0

Action                   |  1- 3 |  4- 6 |  7- 9 || total
-------------------------+-------+-------+-------++-------
Melee: Unarmed           |     5 |       |       ||     5
       Kick              |     5 |    11 |    11 ||    27
       Peck              |     4 |     6 |     5 ||    15
       Spear             |    28 |    48 |    47 ||   123
Throw: Dart              |       |    14 |    14 ||    28
 Cast: Shock             |    46 |    86 |    60 ||   192
       Static Discharge  |       |       |     5 ||     5
 Abil: Fly               |       |     1 |       ||     1
  Use: Scroll            |     3 |     4 |       ||     7
       Potion            |       |       |     2 ||     2
 Stab: Sleeping          |     2 |     5 |     2 ||     9
Armor: Robe              |     1 |     6 |     3 ||    10
Dodge: Dodged            |    19 |    51 |    48 ||   118

Table legend: (Time is in decaauts)
 A = Elapsed time spent in this place.
 B = Non-inter-level travel time spent in this place.
 C = Inter-level travel time spent in this place.
 D = Time resting spent in this place.
 E = Time spent auto-exploring this place.
 F = Levels seen in this place.
 G = Mean time per level.
                   A        B        C        D        E       F      G
               +--------+--------+--------+--------+--------+-----+--------+
         Total |   5710 |   5571 |    139 |    266 |   4616 |   5 | 1142.0 |
       Dungeon |   5710 |   5571 |    139 |    266 |   4616 |   5 | 1142.0 |
               +--------+--------+--------+--------+--------+-----+--------+

Top non-repeatable levels by time:
     D:2: 2169 daAuts
     D:4: 1491 daAuts
     D:1: 962 daAuts
     D:5: 856 daAuts
     D:3: 231 daAuts
